 Dungeon Crawl Stone Soup version 0.28.0-53-g5a82cb258f (webtiles) character file.

Game seed: 17594194891265332451

2 jamesblauser the Grave Robber (level 1, -1/13 HPs)
             Began as a Vampire Necromancer on Nov 5, 2022.
             Frozen to death by an endoplasm (5 damage)
             ... on level 1 of the Dungeon.
             The game lasted 00:00:29 (53 turns).

jamesblauser the Grave Robber (Vampire Necromancer)   Turns: 53, Time: 00:00:30

Health: -1/13      AC:  3    Str:  7    XL:     1   Next: 25%
Magic:  0/3        EV: 11    Int: 17    God:
Gold:   0          SH:  0    Dex: 14    Spells: 3/4 levels left

rFire   . . .      SeeInvis +   (no weapon)
rCold   . . .      Faith    .   (no shield)
rNeg    . . .      Spirit   .   b - +0 leather armour
rPois   .          Reflect  .   (no helmet)
rElec   .          Harm     .   (no cloak)
rCorr   .          Rampage  .   (no gloves)
Will    .....                   (no boots)
Stlth   ++........              (no amulet)
HPRegen 0.24/turn               (no ring)
MPRegen 0.08/turn               (no ring)

@: healing quickly
A: alive, fangs 3, see invisible, vampiric 1
a: Exsanguinate


You were on level 1 of the Dungeon.
You visited 1 branch of the dungeon, and saw 1 of its levels.

Inventory:

Armour
 a - a +0 robe
 b - a +0 leather armour (worn)
Potions
 c - a potion of haste {unknown}


   Skills:
 + Level 2.2 Dodging
 + Level 3.0 Stealth
 + Level 2.0 Spellcasting
 + Level 4.5 Necromancy


You had 3 spell levels left.
You knew the following spells:

 Your Spells              Type           Power      Damage    Failure   Level
a - Pain                  Necr           68%        1d7       4%          1

Your spell library contained the following spells:

 Spells                   Type           Power      Damage    Failure   Level
 Animate Skeleton         Necr           34%        N/A       4%          1
 Vampiric Draining        Necr           17%        2d7       14%         3
 Animate Dead             Necr           8%         N/A       41%         4
 Agony                    Necr           17%        N/A       77%         5


Dungeon Overview and Level Annotations

Branches:
Dungeon (1/15)

Altars:


Innate Abilities, Weirdness & Mutations

Your natural rate of healing is accelerated.
You have razor-sharp teeth.
You have supernaturally acute eyesight. (SInv)
You are afflicted with vampirism.


Message History

You finish taking off your +0 robe.
You start putting on your armour.
You continue putting on your +0 leather armour. x5
You finish putting on your +0 leather armour.
You open the door.
Found a fuming green potion.
There is an open door here.
c - a fuming green potion A hobgoblin comes into view.
There are no items here.
There are no items here.
Aiming: Pain (safe; 4% risk of failure)
Press: ? - help, Q - select action Shift-Dir - straight line, f - hobgoblin
Aim: a hobgoblin (asleep, chance to affect: 86%)
The hobgoblin shouts!
The hobgoblin barely resists.
You hear an angry hiss.
A ball python comes into view.
Aiming: Pain (safe; 4% risk of failure)
Press: ? - help, Q - select action Shift-Dir - straight line, f/p - hobgoblin
Aim: a hobgoblin (chance to affect: 86%)
The hobgoblin writhes in agony.
You kill the hobgoblin!
Aiming: Pain (safe; 4% risk of failure)
Press: ? - help, Q - select action Shift-Dir - straight line, f - ball python
Aim: a ball python (chance to affect: 86%)
The ball python writhes in agony.
You kill the ball python!
An endoplasm comes into view.
The endoplasm quivers.
An endoplasm comes into view.
Found the Papyrus of Enchantment.
The endoplasm quivers.
The endoplasm moves out of view.
The endoplasm hits you. The endoplasm freezes you.
You are frozen.
The endoplasm freezes you.
You are frozen.
You die...

#.#.# ### #.#..^.#.# ..#
#.#.##.#.# #####.# #
#.#.##.#.# #...#.# #:
#.#..#.#.# #...#.#
###.##.#.##.'.# #.<...#
.........##.#.# #...#.#
#....#..##.#.# #...#.#
#.....@.##.#.#.#####.#
######.JJ.#.#.#.......#
............#.####.####.
.......#.##.#...........
......##.##.############
...... #.##.. ......
#.##### .....# ... ....
#..


You could see 2 endoplasms.

Vanquished Creatures
  A hobgoblin (D:1)
  A ball python (D:1)
2 creatures vanquished.

Notes
Turn   | Place    | Note
-------+----------+-------------------------------------------
     0 | D:1      | jamesblauser the Vampire Necromancer began the quest for
                  | the Orb.
     0 | D:1      | Reached XP level 1. HP: 13/13 MP: 3/3
    53 | D:1      | Frozen to death by an endoplasm

Illustrated notes

Levels and vault maps discovered:
D:1:      matt_arrival_refuge, layout_rooms

Action                   || total
-------------------------++-------
 Cast: Pain              ||     3
